 Dungeon Crawl Stone Soup version 0.22-a0-571-g4a923d4 (webtiles) character file.

149 yoda5477 the Gusty (level 5, -5/38 HPs)
             Began as a Draconian Air Elementalist on July 1, 2018.
             Killed by miscasting Airstrike (27 damage)
             ... on level 2 of the Dungeon.
             The game lasted 00:22:42 (2812 turns).

yoda5477 the Gusty (Draconian Air Elementalist)     Turns: 2812, Time: 00:22:43

Health: -5/38      AC:  6    Str: 11    XL:     5   Next: 9%
Magic:  2/10       EV: 12    Int: 16    God:
Gold:   177        SH:  0    Dex: 11    Spells: 2/10 levels left

rFire    . . .     SeeInvis .   c - +0 short sword
rCold    . . .     Gourm    .   (no shield)
rNeg     . . .     Faith    .   (armour unavailable)
rPois    .         Spirit   .   (helmet restricted)
rElec    .         Reflect  .   (no cloak)
rCorr    .         Harm     .   (no gloves)
MR       .....                  t - +0 pair of boots
Stlth    ++........             (no amulet)
HPRegen  0.12/turn              (no ring)
MPRegen  0.12/turn              (no ring)

@: very slightly contaminated, slowed, very slow
A: unfitting armour, cold-blooded, AC +5
a: no special abilities


You were on level 2 of the Dungeon.
You were not hungry.

You visited 1 branch of the dungeon, and saw 3 of its levels.

You collected 177 gold pieces.

Inventory:

Hand Weapons
 c - a +0 short sword (weapon)
 d - a +0 mace
 h - a +0 flail
Missiles
 i - 4 tomahawks (quivered)
 l - 46 arrows
 m - 61 stones
Armour
 t - a +0 pair of boots (worn)
Wands
 o - a wand of flame (18)
Scrolls
 g - 3 scrolls of identify {unknown}
 j - 2 scrolls of enchant armour {unknown}
 n - a scroll of blinking {unknown}
 p - 2 scrolls of fear {unknown}
 q - 2 scrolls of teleportation {unknown}
 r - 2 scrolls of amnesia {unknown}
 s - a scroll of immolation {unknown}
Potions
 a - a potion of flight {unknown}
 e - a potion of might {unknown}
 f - a potion of degeneration {unknown}
 k - a potion of cancellation {unknown}
 u - a potion of curing {unknown}
 w - a potion of agility {unknown}
Comestibles
 b - 3 rations
 v - 3 chunks of flesh


   Skills:
 + Level 0.2 Fighting
 - Level 1.7 Dodging
 - Level 1.7 Stealth
 + Level 3.3 Spellcasting
 * Level 3.2 Conjurations
 + Level 3.6 Air Magic


You had 2 spell levels left.
You knew the following spells:

 Your Spells              Type           Power        Failure   Level  Hunger
a - Shock                 Conj/Air       ##..         4%          1    None
b - Airstrike             Air            ##........   36%         4    ####...
c - Static Discharge      Conj/Air       ##......     13%         3    ###....

Your spell library contained the following spells:

 Spells                   Type           Power        Failure   Level  Hunger
 Lightning Bolt           Conj/Air       ##........   77%         5    ######.
 Swiftness                Chrm/Air       #.......     13%         2    ##.....


Dungeon Overview and Level Annotations

Branches:
Dungeon (3/15)

Altars:
Makhleb

Annotations:
D:1 1 runed door, exclusion: door
D:2 Natasha


Innate Abilities, Weirdness & Mutations

Your plain brown scales are hard. (AC +5)
You cannot fit into any form of body armour.
You are cold-blooded and may be slowed by cold attacks.


Message History

Natasha hisses.
Natasha mumbles some strange words.
Casting: Shock (safe; 4% risk of failure)
Confirm with . or Enter, or press ? or * to list all spells.
Aiming: Airstrike (quite dangerous; 36% risk of failure)
Press: ? - help, Dir - move target cursor, f - Natasha
Aim: Natasha The air twists around and strikes Natasha!
Natasha is heavily wounded.
Natasha closely misses you.
Casting: Airstrike (quite dangerous; 36% risk of failure)
Confirm with . or Enter, or press ? or * to list all spells.
Aiming: Airstrike (quite dangerous; 36% risk of failure)
Press: ? - help, Dir - move target cursor, f/p - Natasha
Aim: Natasha (heavily wounded)
You miscast Airstrike.
You are very lightly contaminated with residual magic.
The air twists around and strikes you!
Ouch! That really hurt!
You die...

#.#.#.......##....###..#..#
#.#.##......##.....##......
#.#.##.......#.#.#.###.##..
###.#.##.#####.#...#...#.###.
#####........# ###....####...##..
#............###.>....#####......
#............#.5.#......# #...[..
#..............#h.....#.###...###
#............##.@##..............
#................................
#.............#.#######..........
#............##..................
#....##################..........
#....# #.......... #....#
#.>........ ###### #..[>......
#..........


You could see Natasha and a crimson imp.

Vanquished Creatures
  An orc wizard (D:3)
  Ijyb (D:2)
  A gnoll (D:1)
  4 adders (D:2)
  2 dart slugs
  2 leopard geckos (D:2)
  An orc (D:3)
  4 bats
  5 giant cockroaches
  5 goblins
  4 hobgoblins
  A quokka (D:2)
  A ball python (D:3)
  3 frilled lizards
  5 kobolds
  7 rats
47 creatures vanquished.

Notes
Turn   | Place    | Note
-------+----------+-------------------------------------------
     0 | D:1      | yoda5477 the Draconian Air Elementalist began the quest for the Orb.
     0 | D:1      | Reached XP level 1. HP: 14/14 MP: 3/3
     1 | D:1      | Found a runed door.
     3 | D:1      | Noticed a jelly
   292 | D:1      | Reached XP level 2. HP: 20/20 MP: 0/5
  1141 | D:1      | Reached XP level 3. HP: 26/26 MP: 3/6
  1606 | D:2      | Reached XP level 4. HP: 33/33 MP: 1/8
  1714 | D:2      | Found a burning altar of Makhleb.
  2318 | D:3      | Noticed Ijyb
  2418 | D:2      | Learned a level 4 spell: Airstrike
  2422 | D:2      | Learned a level 3 spell: Static Discharge
  2434 | D:2      | Killed Ijyb
  2688 | D:3      | Reached XP level 5. HP: 38/38 MP: 5/10
  2796 | D:3      | Noticed Natasha
  2812 | D:2      | Killed by miscasting Airstrike

Vault maps used:
D:1:      dpeg_arrival_caged_fury, serial_bayou_pond_e
D:2:      lightli_temple_of_fire
D:3:      kb_forest_paths, lemuel_round_altar, serial_co_window_serial,
          co_window_corner_a, co_window_corner_a, co_window_paths_b,
          co_window_paths_a, co_window_paths_a, co_window_corner_cb,
          co_window_paths_c, co_window_unsneaky_path_d, glass_columns_b,
          glass_columns_c, glass_columns_a, glass_columns_a, glass_columns_c,
          uniq_natasha, uniq_ijyb

Skill      XL: |  1  2  3  4 |
---------------+-------------+-----
Conjurations   | 2 3 |  3.2
Spellcasting   | 3 |  3.3
Fighting       | |  0.2
Dodging        | |  1.7
Stealth        | |  1.7
Air Magic      | |  3.6

Action                   |  1- 3 |  4- 6 || total
-------------------------+-------+-------++-------
Melee: Unarmed           |    11 |       ||    11
       Tailslap          |     2 |       ||     2
       Short sword       |       |     4 ||     4
 Cast: Shock             |    70 |    47 ||   117
       Static Discharge  |       |     2 ||     2
       Airstrike         |       |     1 ||     1
  Eat: Chunk             |     3 |     4 ||     7
Armor: Skin              |     9 |     3 ||    12
Dodge: Dodged            |    27 |    12 ||    39

Table legend:
 A = Spawn XP
 B = Non-spawn XP
 C = Spawn XP percentage of total XP
 D = Spawn monster count
 E = Non-spawn monster count
 F = Spawn count percentage of total count
 G = Total turns spent on level
                    A         B        C        D         E        F      G
               +---------+---------+-------+---------+---------+-------+---------
         Total |       0 |     213 |   0.0 |       0 |      47 |   0.0 |  2812
               +---------+---------+-------+---------+---------+-------+---------
           D:1 |       0 |      41 |   0.0 |       0 |      16 |   0.0 |  1216
           D:2 |       0 |     128 |   0.0 |       0 |      28 |   0.0 |  1416
           D:3 |       0 |      44 |   0.0 |       0 |       3 |   0.0 |   180
               +---------+---------+-------+---------+---------+-------+---------
